 Dungeon Crawl Stone Soup version 0.17-a0-427-ga655056 (webtiles) character file.

35 ezio133798 the Sneak (level 3, -1/27 HPs)
             Began as a Vampire Assassin on Apr 3, 2015.
             Slain by a gnoll
             ... wielding a +0 halberd
              (5 damage)
             ... on level 2 of the Dungeon.
             The game lasted 00:12:21 (1423 turns).

ezio133798 the Sneak (Vampire Assassin)             Turns: 1423, Time: 00:12:23

Health: -1/27      AC:  4    Str: 10    XL:     3   Next: 17%
Magic:  3/3        EV: 12    Int: 13    God:
Gold:   84         SH:  0    Dex: 16    Spells: 0 memorised, 2 levels left

rFire  . . .     SeeInvis +     y - +0 morningstar
rCold  + . .     Clarity  .     c - +0 robe
rNeg   + + .     SustAb   .     (no shield)
rPois  +         Gourm    .     u - +0 helmet
rElec  .         Spirit   .     d - +0 cloak
rCorr  .         Warding  .     (no gloves)
rMut   .         Stasis   .     (no boots)
MR     .....                    (no amulet)
Stlth  ++++......               (no ring)
                                q - ring of see invisible

@: regenerating slowly, not resistant to hostile enchantments, stealthy
A: fangs 3, see invisible, unbreathing
a: Bat Form


You were on level 2 of the Dungeon.
You were thirsty.

You visited 1 branch of the dungeon, and saw 2 of its levels.

You collected 84 gold pieces.

Inventory:

Hand weapons
 a - a +2 dagger
 b - a +0 blowgun
 h - a +0 spear
 k - a +0 short sword
 m - a +0 dagger
 v - a +0 short sword
 y - a +0 morningstar (weapon)
 z - a +0 club
 D - a cursed -1 spear
Missiles
 e - 8 poisoned needles
 f - 2 curare-tipped needles
 i - 19 bolts
 l - 31 arrows
 t - 19 stones (quivered)
Armour
 c - a +0 robe (worn)
 d - a +0 cloak (worn)
 j - a +0 pair of boots
 u - a +0 helmet (worn)
 A - a +0 plate armour
 C - a +0 scale mail
Jewellery
 q - a ring of see invisible (left hand)
Magical devices
 B - a wand of polymorph (0)
Scrolls
 n - 2 scrolls of identify
 r - a scroll of amnesia {unknown}
 w - a scroll of enchant weapon {unknown}
Potions
 g - a potion of blood
 p - a potion of resistance {unknown}
Comestibles
 o - 2 bread rations
 x - a slice of pizza


   Skills:
 + Level 2.0 Fighting
 + Level 2.3 Short Blades
 + Level 1.7 Throwing
 + Level 1.3 Dodging
 + Level 7.0 Stealth


You had 2 spell levels left.
You didn't know any spells.

Dungeon Overview and Level Annotations

Branches:
Dungeon (2/15)

Altars:


Innate Abilities, Weirdness & Mutations

You heal slowly.
You have razor-sharp teeth.
You have supernaturally acute eyesight.
You can survive without breathing.


Message History

You puncture the gnoll!
The gnoll is severely wounded.
The jackal bites you but does no damage.
The gnoll closely misses you. The jackal bites you.
* * * LOW HITPOINT WARNING * * *
The gnoll misses you. The gnoll closely misses you.
You hit the gnoll. You bite the gnoll.
You draw the gnoll's blood!
You feel better.
You feel slightly less thirsty.
You kill the gnoll!
Your Fighting skill increases to level 2!
Your Stealth skill increases to level 7!
You have reached level 3!
Your experience leads to an increase in your attributes!
Increase (S)trength, (I)ntelligence, or (D)exterity?
You feel agile.
You can now transform into a vampire bat.
The jackal bites you but does no damage.
The jackal barely misses you.
The gnoll hits you from afar with a halberd.
You die...

..
###############
.#####
#.$gg.....>.....
.....
##.####.......).
.... #.#
#)...##### #...
#g# #....# #...
#.# #g...#
####.##... #.#
#h)..#
.....g.... #.#
#@...#
......##.# #)#
#....# ..g. #.#
#.# #....# ...
#.# #.# #....# .
#.# #.# ######
#.# #.########
#########.#
##.........
...........
#........##
#########.#
##.#####.#
...S.S...#g#


You could see a gnoll and a jackal.

Vanquished Creatures
  A gnoll (D:2)
  2 giant cockroaches (D:1)
  3 goblins
  4 hobgoblins
  5 kobolds
  A quokka (D:2)
  2 ball pythons (D:2)
  3 giant newts
  5 rats
26 creatures vanquished.

Notes
Turn   | Place    | Note
--------------------------------------------------------------
     0 | D:1      | ezio133798, the Vampire Assassin, began the quest for the Orb.
     0 | D:1      | Reached XP level 1. HP: 16/16 MP: 1/1
   271 | D:1      | Reached skill level 6 in Stealth
   316 | D:1      | Reached XP level 2. HP: 22/22 MP: 2/2
  1423 | D:2      | Reached skill level 7 in Stealth
  1423 | D:2      | Reached XP level 3. HP: 4/27 MP: 3/3
  1423 | D:2      | Slain by a gnoll

Action                   || total
-------------------------++-------
Melee: Dagger            ||    58
       Morningstar       ||     2
 Fire: Blowgun           ||     2
Throw: Throwing net      ||     1
Evoke: Wand              ||     2
  Use: Scroll            ||     3
 Stab: Sleeping          ||     5
  Eat: Corpse            ||     1
